 Dungeon Crawl Stone Soup version 0.18-a0-1157-g59db91b (webtiles) character file.

379 st0uf the Covert (level 6, -4/42 HPs)
             Began as an Octopode Assassin on Jan 23, 2016.
             Killed by divine providence
             ... invoked by an orc priest
              (13 damage)
             ... on level 4 of the Dungeon.
             The game lasted 00:16:07 (4463 turns).

st0uf the Covert (Octopode Assassin)                Turns: 4463, Time: 00:16:07

Health: -4/42      AC:  6    Str: 10    XL:     6   Next: 74%
Magic:  6/6        EV: 13    Int: 13    God:
Gold:   201        SH:  0    Dex: 16    Spells: 0 memorised, 5 levels left

rFire  . . .     SeeInvis .     a - +2 dagger
rCold  . . .     Gourm    .     (no shield)
rNeg   . . .     Faith    .     (helmet restricted)
rPois  .         Spirit   .     n - amulet of rage
rElec  .         Dismiss  .     h - ring of protection from magic
rCorr  .         Reflect  .     q - +5 ring of protection
SustAt .         Harm     .     (no ring)
MR     +....                    (no ring)
Stlth  ++++++....               (no ring)
                                (no ring)
                                (no ring)
                                (no ring)

@: somewhat resistant to hostile enchantments, very stealthy
A: almost no armour, amphibious, 8 rings, constrict 8, camouflage 1, gelatinous
body 1
a: Evoke Berserk Rage


You were on level 4 of the Dungeon.
You were not hungry.

You visited 1 branch of the dungeon, and saw 4 of its levels.

You collected 201 gold pieces.

Inventory:

Hand Weapons
 a - a +2 dagger (weapon)
 b - a +0 blowgun
Missiles
 c - 18 poisoned needles
 d - 2 curare-tipped needles
Jewellery
 h - a ring of protection from magic (left tentacle)
 n - an amulet of rage (around mantle)
 q - a +5 ring of protection (right tentacle)
Scrolls
 k - 2 scrolls of identify
 t - a scroll of enchant weapon {unknown}
Potions
 e - a potion of invisibility {unknown}
 i - 2 potions of flight
 l - 2 potions of might {unknown}
 p - 2 potions of poison {unknown}
 s - 3 potions of curing {unknown}
 u - a potion of haste {unknown}
 v - 2 potions of heal wounds {unknown}
Books
 m - a book of Debilitation

   Spells                             Type                      Level
   a - Corona                         Hexes                        1
   b - Slow                           Hexes                        2
   c - Gell's Gravitas                Hexes/Translocation          3
   d - Inner Flame                    Hexes/Fire                   3
   e - Cause Fear                     Hexes                        4
   f - Leda's Liquefaction            Hexes/Earth                  4
Comestibles
 f - 3 bread rations
 g - 4 chunks of flesh
 j - a beef jerky
 o - 2 meat rations


   Skills:
 + Level 3.0 Fighting
 + Level 2.5 Short Blades
 * Level 2.9 Throwing
 + Level 2.7 Dodging
 + Level 8.8 Stealth


You had 5 spell levels left.
You didn't know any spells.

Dungeon Overview and Level Annotations

Branches:
Dungeon (4/15)
 Temple: D:4-7

Altars:
Fedhas
Kikubaaqudgha
Nemelex Xobeh
The Shining One

Shops:
D:4 %


Innate Abilities, Weirdness & Mutations

You cannot wear most types of armour.
You are amphibious.
You can wear up to eight rings at the same time.
You can use your tentacles to constrict eight enemies at once.
Your skin changes colour to match your surroundings (Stealth).
Your rubbery body absorbs attacks (AC +1).


Message History

The orc priest mumbles some strange prayers to Beogh against you.
Something smites you!
An adder comes into view.
The orc wizard gestures at you while chanting.
The magic dart hits you!
The orc priest calls down the wrath of Beogh upon you.
Something smites you!
The orc wizard points at you and mumbles some strange words.
The puff of frost misses you. The orc wizard casts a spell at you.
The magic dart hits you!
* * * LOW HITPOINT WARNING * * *
The orc wizard points at you and mumbles some strange words.
The puff of frost misses you.
The orc wizard points at you and mumbles some strange words.
The magic dart hits you!
* * * LOW HITPOINT WARNING * * *
The orc priest calls down the wrath of Beogh upon you.
Something smites you!
You die...

#..# #(## ##.# #######..#
....<....# .........##
######....##### ####
##.......#####..###
###...##....@...#[.##
#####...######.......[..#
.......## ##.........##
##### .<∩..###
#.....o..#.# #...# .#####
#...##......# ##..## ##
#..#####.So..###..## #
#..# #..........## #
##..# #.÷..o....## #
##...# #...#o.....#


You could see an orc priest, 2 orc wizards and an adder.

Vanquished Creatures
  The ghost of st0uf the Covered, an amateur TeFi (D:3)
  2 hounds (D:4)
  An orc wizard (D:3)
  An iguana (D:4)
  Terence (D:2)
  2 worker ants (D:4)
  4 adders (D:2)
  2 adder skeletons (D:4)
  2 worms (D:2)
  6 giant geckos
  3 orcs (D:3)
  A ball python (D:2)
  3 giant cockroaches
  6 goblins
  6 hobgoblins
  8 jackals (D:1)
  A quokka (D:2)
  10 bats
  6 giant newts
  A kobold (D:2)
  10 rats
77 creatures vanquished.

Notes
Turn   | Place    | Note
--------------------------------------------------------------
     0 | D:1      | st0uf the Octopode Assassin began the quest for the Orb.
     0 | D:1      | Reached XP level 1. HP: 14/14 MP: 1/1
   291 | D:1      | Reached XP level 2. HP: 16/19 MP: 2/2
   532 | D:1      | Reached skill level 6 in Stealth
   553 | D:1      | Reached XP level 3. HP: 5/24 MP: 3/3
  1669 | D:2      | Reached XP level 4. HP: 30/30 MP: 4/4
  1680 | D:2      | Reached skill level 7 in Stealth
  1779 | D:2      | Found a sparkling altar of Nemelex Xobeh.
  1841 | D:2      | Noticed Terence
  1861 | D:2      | Killed Terence
  2286 | D:2      | Reached XP level 5. HP: 31/35 MP: 5/5
  2367 | D:3      | Found a glowing golden altar of the Shining One.
  2468 | D:3      | Noticed st0uf's ghost (amateur TeFi)
  3210 | D:2      | Found a blossoming altar of Fedhas.
  3893 | D:3      | Killed st0uf's ghost
  3893 | D:3      | Reached skill level 8 in Stealth
  3967 | D:3      | Reached XP level 6. HP: 38/41 MP: 6/6
  4117 | D:4      | Found an ancient bone altar of Kikubaaqudgha.
  4164 | D:4      | Found Ypletea's Food Boutique.
  4463 | D:4      | Killed from afar by an orc priest

Vault maps used:
D:1:      minmay_arrival_doors
D:2:      forest_paths, overflow_temple_1_default, fedhas_altar_4, uniq_terence
D:3:      lemuel_crystal_altar, first_bread
D:4:      lemuel_crystal_altar, serial_shops, shop

Action                   |  1- 3 |  4- 6 || total
-------------------------+-------+-------++-------
Melee: Dagger            |    61 |   111 ||   172
 Abil: Evoke Berserk Rag |       |     1 ||     1
  Use: Scroll            |       |     5 ||     5
 Stab: Sleeping          |    15 |    19 ||    34
       Distracted        |     1 |       ||     1
  Eat: Chunk             |     2 |     8 ||    10
       Beef jerky        |       |     1 ||     1
